 Dungeon Crawl Stone Soup version 0.22-a0-322-g60b3cfd (webtiles) character file.

12310 xccam the Grappler (level 11, -5/84 (86) HPs)
             Began as a Gnoll Wanderer on Apr 4, 2018.
             Was an Elder of Cheibriados.
             Slain by Urug
             ... wielding a +1 battleaxe of chopping
              (10 damage)
             ... on level 11 of the Dungeon.
             The game lasted 00:20:18 (9388 turns).

xccam the Grappler (Gnoll Wanderer)                 Turns: 9388, Time: 00:20:18

HP:   -5/84 (86)    AC: 17    Str: 25 (27) XL:     11   Next: 91%
MP:   16/20         EV: 10    Int: 23 (24) God:    Cheibriados [****..]
Gold: 723           SH: 12    Dex: 20 (23) Spells: 23/23 levels left

rFire    . . .     SeeInvis .   N - +2 scimitar (venom)
rCold    . . .     Gourm    .   a - +0 shield
rNeg     . . .     Faith    .   C - +0 plate armour
rPois    .         Spirit   .   m - +0 helmet
rElec    .         Reflect  .   (no cloak)
rCorr    .         Harm     .   (no gloves)
MR       +....                  E - +0 pair of boots
Stlth    ..........             k - amulet of the acrobat
HPRegen  0.24/turn              n - ring of protection from magic
MPRegen  0.17/turn              L - +2 ring of protection

@: very slow
A: distributed training, fangs 1, strong nose
a: Bend Time, Temporal Distortion, Slouch, Renounce Religion


You were on level 11 of the Dungeon.
You worshipped Cheibriados.
Cheibriados was greatly pleased with you.
You were not hungry.

You visited 1 branch of the dungeon, and saw 11 of its levels.

You collected 723 gold pieces.

Inventory:

Hand Weapons
 J - a +2 falchion of flaming
 N - a +2 scimitar of venom (weapon)
Missiles
 c - 18 tomahawks (quivered)
Armour
 a - a +0 shield (worn)
 m - a +0 helmet (worn)
 w - cursed -1 ice dragon scales
 C - a +0 plate armour (worn)
 E - a +0 pair of boots (worn)
 G - the +1 ring mail of Hozxokah {rN+}
   (You found it on level 8 of the Dungeon)

   It protects you from negative energy.
Jewellery
 k - an amulet of the acrobat (around neck)
 n - a ring of protection from magic (left hand)
 t - an uncursed ring of resist corrosion
 L - a +2 ring of protection (right hand)
Wands
 d - a wand of acid (9)
 e - a wand of polymorph (5)
 o - a wand of paralysis (7)
 p - a wand of disintegration (18)
 r - a wand of flame (21)
 v - a wand of digging (16)
 F - a wand of scattershot (15)
 K - a wand of iceblast (21)
Scrolls
 g - 3 scrolls of enchant weapon
 h - a scroll of magic mapping
 j - a scroll of fear
 s - a scroll of identify
 x - 2 scrolls of blinking
 y - 2 scrolls of amnesia
 z - 2 scrolls of enchant armour
 A - 3 scrolls of teleportation
 B - a scroll of fog
 I - 4 scrolls of remove curse
Potions
 b - 3 potions of curing
 i - 4 potions of flight
 l - 2 potions of ambrosia
 q - 3 potions of magic
 u - 2 potions of might
 D - a potion of cancellation
 H - 2 potions of brilliance
 M - 2 potions of mutation
Comestibles
 f - 32 rations
 O - a chunk of flesh


   Skills:
 + Level 8.1 Fighting
 + Level 6.6 Short Blades
 + Level 6.6 Long Blades
 + Level 6.6 Axes
 + Level 6.6 Maces & Flails
 + Level 6.6 Polearms
 + Level 6.6 Staves
 + Level 6.6 Slings
 + Level 8.1 Bows
 + Level 6.6 Crossbows
 + Level 6.6 Throwing
 + Level 6.6 Armour
 + Level 7.1 Dodging
 + Level 7.1 Stealth
 + Level 7.1 Shields
 + Level 9.4 Unarmed Combat
 + Level 6.6 Spellcasting
 + Level 5.5 Conjurations
 + Level 5.5 Hexes
 + Level 5.5 Charms
 + Level 5.5 Summonings
 + Level 5.5 Necromancy
 + Level 5.5 Translocations
 + Level 5.5 Transmutations
 + Level 5.5 Fire Magic
 + Level 5.5 Ice Magic
 + Level 5.5 Air Magic
 + Level 5.5 Earth Magic
 + Level 5.5 Poison Magic
 + Level 7.2 Invocations
 + Level 6.6 Evocations


You had 23 spell levels left.
You didn't know any spells.

Dungeon Overview and Level Annotations

Branches:
Dungeon (11/15)            Temple (0/1) D:7             Orc (0/2) D:9
   Lair: D:8-11

Altars:
Cheibriados
Elyvilon
Fedhas
Gozag
Hepliaklqana
Kikubaaqudgha
Nemelex Xobeh
Qazlal
Ru
Trog
Yredelemnul
Zin
The Shining One

Shops:
D:10 }

Annotations:
D:2 exclusion: oklob plant
D:11 Urug


Innate Abilities, Weirdness & Mutations

Your experience applies equally to all skills.
You have very sharp teeth.
Your uncanny sense of smell can sniff out nearby items.


Message History

The black bear is almost dead.
The black bear bites you.
The black bear claws you but does no damage.
You block the black bear's attack. The black bear barely misses you.
You block the black bear's attack.
The black bear claws you but does no damage.
Urug hits you with a battleaxe of chopping!
You slash the black bear!
You kill the black bear!
Cheibriados thoroughly appreciates the change of pace.
Unknown command.
You hit Urug.
Urug is poisoned.
You bite Urug, but do no damage.
Urug is heavily wounded.
Urug hits you with a battleaxe of chopping!!
* * * LOW HITPOINT WARNING * * *
x2 It was a potion of degeneration.
There was something very wrong with that liquid.
You feel weakened.
You feel dopey.
You feel clumsy.
Urug hits you with a battleaxe of chopping!
You die...

#..# #..# #..# #..# #..#
#..# #..# #..# #).# #..#
#..# #..# #..# #..# #))#
# #..# #..# #).#
##..####..####..#####..#
.......o).....<........#
......))@†.............#
########################


You could see Urug.

Vanquished Creatures
  A hydra (D:8)
  A two-headed ogre (D:8)
  2 unseen horrors (D:10)
  The ghost of galech the Ruffian, a novice TrMo (D:3)
  3 trolls
  2 dream sheep (D:8)
  4 hippogriffs
  Sigmund (D:2)
  5 yaks
  2 wyverns
  A hungry ghost (D:8)
  A water moccasin (D:7)
  Duvessa (D:5)
  An acid dragon (D:9)
  8 orc warriors
  7 sky beasts
  3 phantoms
  2 black bears
  A necrophage (D:4)
  4 ice beasts
  7 ogres
  2 eyes of draining
  2 centaurs (D:7)
  8 big kobolds
  4 bullfrogs
  6 gnoll sergeants
  Dowan (D:5)
  A scorpion (D:7)
  A wyvern skeleton (D:7)
  7 killer bees
  A wight (D:9)
  3 howler monkeys
  A vampire bat (D:9)
  5 crimson imps
  3 jellies
  The ghost of p0werm0de the Scratcher, a weakling FeCK of Xom (D:4)
  A bullfrog zombie (D:6)
  6 orc priests
  3 hounds
  3 iguanas
  3 centaur skeletons
  4 worker ants
  4 orc wizards
  A hound skeleton (D:6)
  A howler monkey zombie (D:9)
  A worker ant zombie (D:10)
  12 gnolls
  11 adders
  A shadow imp (D:10)
  An adder skeleton (D:4)
  2 worms (D:3)
  2 dart slugs
  3 leopard geckos
  21 orcs
  10 bats
  2 bat skeletons (D:9)
  4 bat zombies (D:9)
  A giant cockroach (D:5)
  8 goblins
  5 hobgoblins
  12 jackals
  5 quokkas
  9 frilled lizards
  4 kobolds
  3 rats
247 creatures vanquished.

Vanquished Creatures (others)
  9 toadstools (D:2)
9 creatures vanquished.

Grand Total: 256 creatures vanquished

Notes
Turn   | Place    | Note
-------+----------+-------------------------------------------
     0 | D:1      | xccam the Gnoll Wanderer began the quest for the Orb.
     0 | D:1      | xccam set off with: a +0 shield, 2 potions of curing, a +0 robe, a +0 club, a ration
     0 | D:1      | Reached XP level 1. HP: 20/20 MP: 1/1
   103 | D:1      | Reached XP level 2. HP: 26/26 MP: 2/2
   558 | D:2      | Found a faded altar of an unknown god.
   703 | D:2      | Noticed Sigmund
   719 | D:2      | Killed Sigmund
   719 | D:2      | Reached skill level 1 in Short Blades
   719 | D:2      | Reached skill level 1 in Long Blades
   719 | D:2      | Reached skill level 1 in Axes
   719 | D:2      | Reached skill level 1 in Maces & Flails
   719 | D:2      | Reached skill level 1 in Polearms
   719 | D:2      | Reached skill level 1 in Staves
   719 | D:2      | Reached skill level 1 in Slings
   719 | D:2      | Reached skill level 1 in Crossbows
   719 | D:2      | Reached skill level 1 in Throwing
   719 | D:2      | Reached skill level 1 in Armour
   719 | D:2      | Reached skill level 1 in Spellcasting
   719 | D:2      | Reached skill level 1 in Conjurations
   719 | D:2      | Reached skill level 1 in Hexes
   719 | D:2      | Reached skill level 1 in Charms
   719 | D:2      | Reached skill level 1 in Summonings
   719 | D:2      | Reached skill level 1 in Necromancy
   719 | D:2      | Reached skill level 1 in Translocations
   719 | D:2      | Reached skill level 1 in Transmutations
   719 | D:2      | Reached skill level 1 in Fire Magic
   719 | D:2      | Reached skill level 1 in Ice Magic
   719 | D:2      | Reached skill level 1 in Air Magic
   719 | D:2      | Reached skill level 1 in Earth Magic
   719 | D:2      | Reached skill level 1 in Poison Magic
   719 | D:2      | Reached skill level 1 in Invocations
   719 | D:2      | Reached skill level 1 in Evocations
   719 | D:2      | Reached XP level 3. HP: 32/32 MP: 2/5
   719 | D:2      | Reached XP level 4. HP: 38/38 MP: 2/6
   719 | D:2      | Reached XP level 5. HP: 43/43 MP: 2/7
   728 | D:2      | Found a blossoming altar of Fedhas.
   752 | D:2      | Noticed an oklob plant
   887 | D:3      | Found a hazy altar of Hepliaklqana.
  1074 | D:3      | Found a snail-covered altar of Cheibriados.
  1077 | D:3      | Noticed galech's ghost (novice TrMo)
  1102 | D:3      | Killed galech's ghost
  1102 | D:3      | Reached skill level 5 in Fighting
  1102 | D:3      | Reached skill level 5 in Bows
  1102 | D:3      | Reached skill level 7 in Unarmed Combat
  1102 | D:3      | Reached XP level 6. HP: 36/51 MP: 7/9
  1102 | D:3      | Reached XP level 7. HP: 40/56 MP: 7/10
  1114 | D:3      | Became a worshipper of Cheibriados the Contemplative
  2034 | D:4      | Noticed p0werm0de's ghost (weakling FeCK)
  2042 | D:4      | Killed p0werm0de's ghost
  2177 | D:4      | Reached * piety under Cheibriados
  2600 | D:4      | Found an opulent altar of Gozag.
  2601 | D:4      | Found a sparkling altar of Nemelex Xobeh.
  2771 | D:4      | Found a glowing golden altar of the Shining One.
  2798 | D:5      | Entered Level 5 of the Dungeon
  3000 | D:5      | Reached XP level 8. HP: 53/61 MP: 12/12
  3090 | D:5      | Found a glowing silver altar of Zin.
  3239 | D:5      | Found a basalt altar of Yredelemnul.
  3289 | D:5      | Noticed Dowan
  3290 | D:5      | Noticed Duvessa
  3305 | D:5      | Killed Duvessa
  3311 | D:5      | Killed Dowan
  3727 | D:6      | Found a glowing golden altar of the Shining One.
  3780 | D:6      | Reached ** piety under Cheibriados
  4008 | D:6      | Reached XP level 9. HP: 36/67 MP: 14/14
  4106 | D:6      | Found a sacrificial altar of Ru.
  4232 | D:6      | Found a white marble altar of Elyvilon.
  4822 | D:7      | Reached skill level 5 in Dodging
  4822 | D:7      | Reached skill level 5 in Shields
  4866 | D:7      | Reached *** piety under Cheibriados
  5113 | D:7      | Reached skill level 5 in Stealth
  5133 | D:7      | Found a staircase to the Ecumenical Temple.
  5222 | D:7      | Reached skill level 8 in Unarmed Combat
  5449 | D:8      | Reached skill level 5 in Invocations
  5654 | D:8      | Reached **** piety under Cheibriados
  5674 | D:8      | Reached XP level 10. HP: 75/75 MP: 11/17
  5675 | D:8      | Found a stormy altar of Qazlal.
  5677 | D:8      | Got a faintly humming ring mail
  5678 | D:8      | Identified the +1 ring mail of Hozxokah {rN+} (You found it on level 8 of the Dungeon)
  5869 | D:8      | Noticed a two-headed ogre
  5885 | D:8      | Killed a two-headed ogre
  5885 | D:8      | Reached skill level 5 in Short Blades
  5885 | D:8      | Reached skill level 5 in Long Blades
  5885 | D:8      | Reached skill level 5 in Axes
  5885 | D:8      | Reached skill level 5 in Maces & Flails
  5885 | D:8      | Reached skill level 5 in Polearms
  5885 | D:8      | Reached skill level 5 in Staves
  5885 | D:8      | Reached skill level 5 in Slings
  5885 | D:8      | Reached skill level 5 in Crossbows
  5885 | D:8      | Reached skill level 5 in Throwing
  5885 | D:8      | Reached skill level 5 in Armour
  5885 | D:8      | Reached skill level 5 in Spellcasting
  5885 | D:8      | Reached skill level 5 in Evocations
  6346 | D:8      | Noticed a three-headed hydra
  6351 | D:8      | Killed a one-headed hydra
  6666 | D:8      | Identified the Grimoire of the Land of Plenty
  7308 | D:9      | Found a bloodstained altar of Trog.
  7410 | D:9      | Reached XP level 11. HP: 82/82 MP: 19/19
  7519 | D:9      | Reached ***** piety under Cheibriados
  7679 | D:9      | Found a staircase to the Orcish Mines.
  7682 | D:9      | Reached skill level 9 in Unarmed Combat
  7701 | D:9      | Reached skill level 5 in Conjurations
  7701 | D:9      | Reached skill level 5 in Hexes
  7701 | D:9      | Reached skill level 5 in Charms
  7701 | D:9      | Reached skill level 5 in Summonings
  7701 | D:9      | Reached skill level 5 in Necromancy
  7701 | D:9      | Reached skill level 5 in Translocations
  7701 | D:9      | Reached skill level 5 in Transmutations
  7701 | D:9      | Reached skill level 5 in Fire Magic
  7701 | D:9      | Reached skill level 5 in Ice Magic
  7701 | D:9      | Reached skill level 5 in Air Magic
  7701 | D:9      | Reached skill level 5 in Earth Magic
  7701 | D:9      | Reached skill level 5 in Poison Magic
  8022 | D:9      | Found an ancient bone altar of Kikubaaqudgha.
  8335 | D:10     | Entered Level 10 of the Dungeon
  8803 | D:10     | Killed an unseen horror
  8821 | D:10     | Found Soshayfa's Gadget Boutique.
  9006 | D:10     | Killed an unseen horror
  9377 | D:11     | Noticed Urug
  9388 | D:11     | Slain by Urug

Vault maps used:
D:1:      minmay_arrival_plants_in_alcoves
D:2:      chequers_ecumenical_altar_simple, first_ration, tgw_fedhas,
          uniq_sigmund
D:3:      minmay_wonky_spiral, lemuel_crystal_altar, cheibriados_altar_1
D:4:      grunt_temple_overflow_opulence, tso_altar
D:5:      zin_treasury, basic_altar, uniq_duvessa
D:6:      marbit_many_paths, elyvilon_altar_5, lemuel_round_altar
D:7:      minmay_temple_entry_nine_rooms, hangedman_decor_opposing
D:8:      nicolae_overflow_crystal_walls, hangedman_ranch
D:9:      minmay_opposing_rooms, overflow_temple_1_default,
          kennysheep_vampire_church, kennysheep_orc_monster_closet_entryway,
          nrook_loot_triangle, st_stairs_3, due_unseen_surprise
D:10:     serial_shops, shop_statue, grunt_ministairs_10
D:11:     lair_entry_dummy, kennysheep_nub, uniq_nergalle, uniq_harold,
          uniq_grum, uniq_urug

Skill      XL: |  1  2  3  4  5  6  7  8  9 10 11 |
---------------+----------------------------------+-----
Short Blades   | 1 2 3 4 5 6 |  6.6
Long Blades    | 1 2 3 4 5 6 |  6.6
Axes           | 1 2 3 4 5 6 |  6.6
Maces & Flails | 1 2 3 4 5 6 |  6.6
Polearms       | 1 2 3 4 5 6 |  6.6
Staves         | 1 2 3 4 5 6 |  6.6
Slings         | 1 2 3 4 5 6 |  6.6
Crossbows      | 1 2 3 4 5 6 |  6.6
Throwing       | 1 2 3 4 5 6 |  6.6
Armour         | 1 2 3 4 5 6 |  6.6
Dodging        | 3 4 5 6 7 |  7.1
Shields        | 3 4 5 6 7 |  7.1
Spellcasting   | 1 2 3 4 5 6 |  6.6
Conjurations   | 1 2 3 4 5 |  5.5
Hexes          | 1 2 3 4 5 |  5.5
Charms         | 1 2 3 4 5 |  5.5
Summonings     | 1 2 3 4 5 |  5.5
Necromancy     | 1 2 3 4 5 |  5.5
Translocations | 1 2 3 4 5 |  5.5
Transmutations | 1 2 3 4 5 |  5.5
Fire Magic     | 1 2 3 4 5 |  5.5
Ice Magic      | 1 2 3 4 5 |  5.5
Air Magic      | 1 2 3 4 5 |  5.5
Earth Magic    | 1 2 3 4 5 |  5.5
Poison Magic   | 1 2 3 4 5 |  5.5
Invocations    | 1 2 3 4 5 6 7 |  7.2
Evocations     | 1 2 3 4 5 6 |  6.6
Fighting       | 5 6 7 8 |  8.1
Bows           | 5 6 7 8 |  8.1
Stealth        | 3 4 5 6 7 |  7.1
Unarmed Combat | 7 8 9 |  9.4

Action                   |  1- 3 |  4- 6 |  7- 9 | 10-12 || total
-------------------------+-------+-------+-------+-------++-------
Melee: Unarmed           |    62 |    34 |   470 |    73 ||   639
       Bite              |     7 |     1 |    84 |   101 ||   193
       Falchion          |       |       |       |   146 ||   146
       Scimitar          |       |       |       |   157 ||   157
Throw: Tomahawk          |       |       |     9 |    13 ||    22
Invok: Slouch            |       |       |       |     6 ||     6
Evoke: Wand              |     1 |     1 |     5 |       ||     7
  Use: Scroll            |       |     7 |    11 |     5 ||    23
       Potion            |       |       |       |     1 ||     1
 Stab: Paralysed         |     5 |     9 |     6 |       ||    20
       Sleeping          |     1 |       |       |       ||     1
  Eat: Chunk             |       |     1 |     6 |     6 ||    13
       Ration            |       |       |     1 |     1 ||     2
Armor: Robe              |    13 |       |       |       ||    13
       Scale mail        |     7 |    17 |    37 |       ||    61
       Chain mail        |       |       |    91 |    59 ||   150
       Plate armour      |       |       |       |    85 ||    85
Dodge: Dodged            |    21 |     9 |   140 |   205 ||   375
Block: Shield            |    21 |    17 |   221 |   283 ||   542
       Rpst.: Falchion   |       |       |       |    13 ||    13
       Scimitar          |       |       |       |    26 ||    26

Table legend:
 A = Spawn XP
 B = Non-spawn XP
 C = Spawn XP percentage of total XP
 D = Spawn monster count
 E = Non-spawn monster count
 F = Spawn count percentage of total count
 G = Total turns spent on level
                    A         B        C        D         E        F      G
               +---------+---------+-------+---------+---------+-------+---------
         Total |       0 |   17587 |   0.0 |       0 |     247 |   0.0 |  9388
               +---------+---------+-------+---------+---------+-------+---------
           D:1 |       0 |      27 |   0.0 |       0 |      19 |   0.0 |   387
           D:2 |       0 |     231 |   0.0 |       0 |       4 |   0.0 |   433
           D:3 |       0 |     567 |   0.0 |       0 |      25 |   0.0 |   991
           D:4 |       0 |     357 |   0.0 |       0 |      14 |   0.0 |  1169
           D:5 |       0 |     580 |   0.0 |       0 |      19 |   0.0 |   725
           D:6 |       0 |     835 |   0.0 |       0 |      20 |   0.0 |   932
           D:7 |       0 |    1267 |   0.0 |       0 |      17 |   0.0 |   660
           D:8 |       0 |    4569 |   0.0 |       0 |      30 |   0.0 |  1523
           D:9 |       0 |    3967 |   0.0 |       0 |      50 |   0.0 |  1515
          D:10 |       0 |    3564 |   0.0 |       0 |      27 |   0.0 |   837
          D:11 |       0 |    1623 |   0.0 |       0 |      22 |   0.0 |   216
               +---------+---------+-------+---------+---------+-------+---------
